 Dungeon Sprint DCSS version 0.30-a0-55-g90e3122c3a (webtiles) character file.

Game seed: 17684903066688952075

21 rocky1 the Sneak (level 2, -1/24 HPs)
             Began as a Vine Stalker Brigand on Sept 10, 2022.
             Was an Initiate of Gozag.
             Slain by a flying skull (6 damage)
             ... in the Dungeon (Sprint VII: "The Pits").
             The game lasted 00:01:14 (390 turns).

rocky1 the Sneak (Vine Stalker Brigand)              Turns: 390, Time: 00:01:15

Health: -1/24      AC:  3    Str: 13    XL:     2   Next: 83%
Magic:  0/3        EV: 12    Int: 11    God:    Gozag
Gold:   270        SH:  0    Dex: 15    Spells: 1/1 levels left

rFire   . . .      SeeInvis .    a - +2 dagger
rCold   . . .      Faith    .    (no shield)
rNeg    . . .      Spirit   +    b - +0 robe
rPois   .          Reflect  .    (no helmet)
rElec   .          Harm     .    c - +0 cloak
rCorr   .          Rampage  .    (no gloves)
Will    .....      NoTele   +    (no boots)
Stlth   ..........               (no amulet)
HPRegen 0.08/turn                (no ring)
MPRegen 0.08/turn                (no ring)

@: berserking, very quick
A: fangs 2, magic shield, antimagic bite, no potion heal 2
a: Renounce Religion, Potion Petition, Call Merchant, Bribe Branch


You were in the Dungeon.
You worshipped Gozag.
Gozag was aware of your devotion.
You visited 1 branch You collected 270 gold pieces.

Inventory:

Hand Weapons
 a - a +2 dagger (weapon)
Missiles
 d - 9 poisoned darts (quivered)
 e - 3 curare-tipped darts
Armour
 b - a +0 robe (worn)
 c - a +0 cloak (worn)
Scrolls
 j - a scroll of blinking
 l - 5 scrolls of amnesia
 m - a scroll of summoning
Potions
 f - a potion of curing
 g - a potion of haste
 h - 4 potions of magic
 i - 2 potions of berserk rage
 k - 2 potions of invisibility


   Skills:
 + Level 2.7 Fighting
 + Level 2.8 Short Blades
 - Level 1.7 Throwing
 + Level 1.6 Armour
 + Level 2.0 Dodging
 + Level 5.7 Stealth


You had one spell level left.
You didn't know any spells.
Your spell library was empty.

Dungeon Overview and Level Annotations

Branches:
Dungeon (1/1)

Altars:
Ashenzari
Cheibriados
Dithmenos
Elyvilon
Fedhas
Gozag
Hepliaklqana
Kikubaaqudgha
Makhleb
Nemelex Xobeh
Okawaru
Qazlal
Ru
Sif Muna
Trog
Uskayaw
Vehumet
Wu Jian
Xom
Yredelemnul
Zin
The Shining One
Jiyva
Lugonu


Innate Abilities, Weirdness & Mutations

You have extremely sharp teeth.
When hurt, damage is shared between your health and your magic reserves.
Your bite disrupts and absorbs the magic of your enemies.
Potions cannot restore your health.


Message History

The helpless adder zombie fails to defend itself.
You impale the adder zombie!!
You destroy the adder zombie!
You see here 54 gold pieces.
The helpless ufetubus fails to defend itself.
You impale the ufetubus!!
You kill the ufetubus!
Your Dodging skill increases to level 2!
No target in view!
You now have 189 gold pieces (gained 54).
You now have 270 gold pieces (gained 81).
You open the door. 2 orcs come into view.
An endoplasm and a flying skull come into view.
There is an open door here.
The endoplasm quivers.
The flying skull gives a hideous shriek!
The endoplasm freezes you.
You are frozen.
Unknown command.
The endoplasm attacks as you move away!
The endoplasm hits you but does no damage.
The orc shouts!
There is an open door here.
The flying skull attacks as you move away!
The flying skull hits you. x2
There is an open door here.
The flying skull barely misses you.
A red film seems to cover your vision as you go berserk!
You feel yourself moving faster!
You feel mighty! The flying skull misses you.
You barely miss the flying skull.
You bite the flying skull, but do no damage.
The flying skull hits you but does no damage.
You completely miss the flying skull. Your bite misses the flying skull.
The flying skull hits you.
* * * LOW HITPOINT WARNING * * *
You closely miss the flying skull. Your bite misses the flying skull.
The flying skull hits you!
You die...
Your body crumbles into a pile of gold.

#_________.#
#_________.#
#_______...###########++
##########'##...........
#.?(.')))'.##......#..#.
##########.##...........
#...........'...........
#+#####'#####......#..#.
#...@.##...........
#####z#####'#####++
#....o##.......#
#.....##.......#
###'####.......#
#..o..##...<...#
#........##.......#
#.......o##.......#
###########.......#


You could see a flying skull and an orc.

Vanquished Creatures
  2 ufetubi (D)
  2 adder zombies (D)
  A bat zombie (D)
5 creatures vanquished.

Notes
Turn   | Place    | Note
-------+----------+-------------------------------------------
     0 | D        | rocky1 the Vine Stalker Brigand began the quest for the
                  | Orb.
     0 | D        | Reached XP level 1. HP: 11/11 MP: 2/2
    17 | D        | Reached skill level 1 in Dodging
    17 | D        | Reached skill level 5 in Stealth
    21 | D        | Found a bloodstained altar of Trog.
    21 | D        | Found a shimmering blue altar of Sif Muna.
    21 | D        | Found a viscous altar of Jiyva.
    21 | D        | Found a hazy altar of Hepliaklqana.
    21 | D        | Found an opulent altar of Gozag.
    22 | D        | Found a glowing golden altar of the Shining One.
    22 | D        | Found a glowing silver altar of Zin.
    22 | D        | Found a basalt altar of Yredelemnul.
    22 | D        | Found a shimmering altar of Xom.
    22 | D        | Found an ornate altar of the Wu Jian Council.
    22 | D        | Found a sacrificial altar of Ru.
    22 | D        | Found a stormy altar of Qazlal.
    22 | D        | Found an iron altar of Okawaru.
    22 | D        | Found a sparkling altar of Nemelex Xobeh.
    22 | D        | Found a burning altar of Makhleb.
    22 | D        | Found a blossoming altar of Fedhas.
    22 | D        | Found a white marble altar of Elyvilon.
    22 | D        | Found a shadowy altar of Dithmenos.
    22 | D        | Found a snail-covered altar of Cheibriados.
    24 | D        | Found a radiant altar of Vehumet.
    24 | D        | Found a corrupted altar of Lugonu.
    25 | D        | Found a hide-covered altar of Uskayaw.
    25 | D        | Found an ancient bone altar of Kikubaaqudgha.
    25 | D        | Found a broken altar of Ashenzari.
    33 | D        | Became a worshipper of Gozag Ym Sagoz the Greedy
    79 | D        | Reached skill level 1 in Armour
    79 | D        | Reached XP level 2. HP: 1/15 MP: 0/3
   380 | D        | Noticed a flying skull
   390 | D        | Slain by a flying skull

Illustrated notes

Levels and vault maps discovered:
D:        pitsprint [storerooms_1, entrance_room_1, metal_vault_1, armoury_1,
          mini_pit_1, grid_room_1, main_hall_1, silver_pit, the_coven_2,
          the_vestibule_1, steel_vault_2, golden_pit, hallway_of_sentries,
          crystal_vault_6, iron_vault_4, final_vault]

Skill      XL: |  1  2 |
---------------+-------+-----
Fighting       | 2 |  2.7
Short Blades   | 2 |  2.8
Dodging        | 1 2 |  2.0
Stealth        | 5 |  5.7
Armour         | 1 |  1.6
Throwing       | |  1.7

Action                   || total
-------------------------++-------
Melee: Dagger            ||    24
       Bite              ||     7
  Use: Potion            ||     1
 Stab: Sleeping          ||     2
Armor: Robe              ||     7
Dodge: Dodged            ||    16

Table legend: (Time is in decaauts)
 A = Elapsed time spent in this place.
 B = Non-inter-level travel time spent in this place.
 C = Inter-level travel time spent in this place.
 D = Time resting spent in this place.
 E = Time spent auto-exploring this place.
 F = Levels seen in this place.
 G = Mean time per level.
                   A        B        C        D        E       F      G
               +--------+--------+--------+--------+--------+-----+--------+
         Total |    386 |    386 |      0 |    274 |      0 |   1 |  386.0 |
       Dungeon |    386 |    386 |      0 |    274 |      0 |   1 |  386.0 |
               +--------+--------+--------+--------+--------+-----+--------+

Top non-repeatable levels by time:
       D: 386 daAuts
